 Dungeon Crawl Stone Soup version 0.24.0-2-g5b39cebb1c (webtiles) character file.

Game seed: 16093148603829523502, levelgen mode: deterministic

48916 DavidChitty2 the Carver (level 14, -2/116 HPs)
             Began as a Demonspawn Abyssal Knight on Oct 30, 2019.
             Was a Believer of Lugonu.
             Slain by an orc warrior
             ... wielding a +2 flail of protection
              (16 damage)
             ... on level 2 of the Orcish Mines.
             The game lasted 01:12:39 (39682 turns).

DavidChitty2 the Carver (DsAK)                     Turns: 39682, Time: 01:12:39

Health: -2/116     AC: 17    Str: 14    XL:     14   Next: 14%
Magic:  19/23      EV:  7    Int: 13    God:    Lugonu [**....]
Gold:   1786       SH: 11    Dex: 17    Spells: 13/13 levels left

rFire    + . .     SeeInvis +   a - +0 long sword
rCold    . . .     Gourm    .   m - +0 shield
rNeg     + . .     Faith    .   j - +0 chain mail
rPois    .         Spirit   .   q - +1 helmet
rElec    .         Reflect  .   (no cloak)
rCorr    .         Harm     .   F - +1 pair of gloves
MR       +....                  (boots unavailable)
Stlth    ..........             (no amulet)
HPRegen  0.29/turn              A - ring of positive energy
MPRegen  0.18/turn              z - ring of see invisible

@: very slightly contaminated, studying Fighting
A: hooves 3, yellow scales 1, demonic guardian 2, fire resistance 1
a: Depart the Abyss, Bend Space, Renounce Religion


You were on level 2 of the Orcish Mines.
You worshipped Lugonu.
Lugonu was pleased with you.
You were not hungry.

You visited 3 branches of the dungeon, and saw 22 of its levels.
You visited the Abyss 1 time.
You also visited: Sewer.

You collected 1786 gold pieces.

Inventory:

Hand Weapons
 a - a +0 long sword (weapon)
   (You found it on level 4 of the Dungeon)
 b - a +2 falchion of flaming
   (You took it off an orc on level 2 of the Orcish Mines)
 I - a +2 triple sword of holy wrath
   (You took it off Rupert on level 6 of the Lair of Beasts)
 M - the +4 mace "Biocue" {protect, rF+ SInv Stlth+}
   (You found it on level 5 of the Lair of Beasts)

   It grants its wielder temporary protection when it strikes (+7 to AC).
   It protects you from fire.
   It lets you see invisible.
   It makes you more stealthy.
Missiles
 s - 8 curare-tipped darts {!f}
 D - 81 poisoned darts (quivered)
Armour
 j - a +0 chain mail (worn)
   (You took it off an orc on level 3 of the Dungeon)
 m - a +0 shield (worn)
   (You found it on level 1 of the Dungeon)
 q - a +1 helmet (worn)
   (You found it on level 2 of the Dungeon)
 F - a +1 pair of gloves (worn)
   (You found it on level 8 of the Dungeon)
Jewellery
 z - a ring of see invisible (right hand)
   (You found it on level 11 of the Dungeon)
 A - a ring of positive energy (left hand)
   (You found it on level 1 of the Abyss)
 K - an uncursed ring of wizardry
   (You found it on level 6 of the Lair of Beasts)
Wands
 h - a wand of polymorph (15)
   (You found it on level 3 of the Dungeon)
 u - a wand of clouds (2)
   (You found it on level 12 of the Dungeon)
 v - a wand of digging (6)
   (You found it on level 13 of the Dungeon)
 x - a wand of enslavement (3)
   (You found it on level 13 of the Dungeon)
Scrolls
 d - 2 scrolls of enchant armour
 g - 12 scrolls of identify {@r1}
 i - 8 scrolls of teleportation {@r4}
 k - 3 scrolls of fear
 l - 3 scrolls of magic mapping
 y - 6 scrolls of enchant weapon
 H - 9 scrolls of remove curse {@r2}
 J - 3 scrolls of fog
Potions
 c - a potion of curing {@q1}
 n - a potion of berserk rage
 o - 8 potions of flight
 p - 4 potions of magic
 r - 5 potions of brilliance
 w - 3 potions of cancellation
 B - 3 potions of agility
 C - 4 potions of haste {@q3}
 L - a potion of might
Books
 t - a manual of Fighting {!d}
   (You found it on level 2 of the Lair of Beasts)
Comestibles
 e - 26 rations {!d}
 f - 2 chunks of flesh


   Skills:
 + Level 12.6 Fighting
 * Level 13.1 Long Blades
 - Level 8.0 Armour
 + Level 4.0 Dodging
 + Level 9.3 Shields
 + Level 13.0 Invocations
 - Level 5.0 Evocations


You had 13 spell levels left.
You didn't know any spells.
Your spell library contained the following spells:

 Spells                   Type           Power        Failure   Level  Hunger
 Freeze                   Ice            #...         100%        1    ##.....
 Magic Dart               Conj           #...         100%        1    ##.....
 Shock                    Conj/Air       #...         100%        1    ##.....
 Summon Butterflies       Summ           #.......     100%        1    ##.....
 Blink                    Tloc           N/A          100%        2    ###....
 Call Imp                 Summ           #.......     100%        2    ###....
 Slow                     Hex            #.......     100%        2    ###....
 Swiftness                Chrm/Air       #.......     100%        2    ###....
 Throw Frost              Conj/Ice       #.....       100%        2    ###....
 Call Canine Familiar     Summ           #.......     100%        3    ####...
 Conjure Flame            Conj/Fire      #.......     100%        3    ####...
 Mephitic Cloud           Conj/Pois/Air  #.......     100%        3    ####...
 Ozocubu's Armour         Chrm/Ice       #.......     100%        3    ####...
 Static Discharge         Conj/Air       #.......     100%        3    ####...
 Airstrike                Air            #.........   100%        4    #####..
 Summon Ice Beast         Ice/Summ       #.......     100%        4    #####..
 Throw Icicle             Conj/Ice       #.......     100%        4    #####..
 Bolt of Magma            Conj/Fire/Erth #.........   100%        5    ######.
 Iskenderun's Battlesphe  Conj/Chrm      #.......     100%        5    ######.
 Lightning Bolt           Conj/Air       #.........   100%        5    ######.
 Summon Mana Viper        Hex/Summ       #.......     100%        5    ######.
 Venom Bolt               Conj/Pois      #.........   100%        5    ######.
 Iron Shot                Conj/Erth      #.........   100%        6    #######
 Orb of Destruction       Conj           #.........   100%        7    #######
 Spellforged Servitor     Conj/Summ      #.........   100%        7    #######
 Summon Hydra             Summ           #.........   100%        7    #######


Dungeon Overview and Level Annotations

Branches:
Dungeon (14/15)            Temple (0/1) D:5            Lair (6/6) D:10
 Shoals (0/4) Lair:4       Spider (0/4) Lair:3        Slime (0/5) Lair:6
    Orc (2/2) D:9             Elf (0/3) Orc:2        Vaults (0/5) D:14
  Sewer (visited)

Altars:
Ashenzari
Cheibriados
Dithmenos
Gozag
Hepliaklqana
Kikubaaqudgha
Nemelex Xobeh
Okawaru
Qazlal
Vehumet
Wu Jian
Xom
Zin
Jiyva

Shops:
D:5 (

Annotations:
D:14 Nessos
Lair:1 exclusion: oklob plant
Orc:1 1 runed translucent door, contendunt's ghost, journeyman MiFi


Innate Abilities, Weirdness & Mutations

You have hooves in place of feet.
You are partially covered in yellow scales. (AC +2)
A demonic guardian rushes to your aid.
Your flesh is heat resistant. (rF+)


Message History

Okay, then.
Things that are here:
a +0 broad axe; a +0 plate armour An orc warrior comes into view.
It is wielding a +2 flail of protection.
What are your orders? t - Shout!
Orders for allies: a - Attack new target. r - Retreat! s - Stop attacking. g - Guard the area. f - Follow me.
Anything else - Cancel.
Gang up on whom?
Aim: an orc priest, wielding a +0 whip Attack!
Your smoke demon gestures at the orc priest.
The sticky flame hits the orc priest.
The orc priest is covered in liquid flames!
The orc priest burns!
The orc priest burns!
The orc priest closely misses your smoke demon.
Your smoke demon hits the orc priest.
The orc priest dies!
Lugonu accepts your kill. What are your orders? t - Shout!
Orders for allies: a - Attack new target. r - Retreat! s - Stop attacking. g - Guard the area. f - Follow me.
Anything else - Cancel.
Gang up on whom?
Aim: an orc warrior, wielding a +2 flail of protection and wearing a +0 chain mail Attack!
Your smoke demon disappears in a puff of smoke!
The orc warrior hits you with a +2 flail of protection!
* * * LOW HITPOINT WARNING * * *
You feel better.
You hit the orc warrior but do no damage.
You block the orc warrior's attack.
You hit the orc warrior but do no damage.
You block the orc warrior's attack.
You hit the orc warrior. Your kick misses the orc warrior.
You slash the orc warrior! Your kick misses the orc warrior.
The orc warrior hits you but does no damage.
You closely miss the orc warrior. The orc warrior completely misses you.
You hit the orc warrior.
You hit the orc warrior but do no damage.
You kick the orc warrior, but do no damage.
You block the orc warrior's attack.
You hit the orc warrior but do no damage.
The orc warrior hits you with a +2 flail of protection!
You die...

........).oo......o.o...)..
#.#.#.#.#4#.#.#.#.#.#.#.#.. ..
###...............#.. ...
##.............##.) ...
###.........####.. .# ###.....###
#)o ####### #..
#################################
......#......##.@o.).#...)))ยงยง[))
..........####.....).....)))[).)[
#.......#.###.....#.......)......
#.....#....###...####..)...)..)..
...###.....#.##...##.............
....#...#.....##.##.)............
#....#...#.#.######.))...........
.#..###.>##### ##.#...........
....#.#...## ##............


You could see an orc warrior.

Vanquished Creatures
  Rupert (Lair:6)
  Gastronok (D:10)
  Josephine (Lair:6)
  Erolcha (Orc:2)
  A centaur warrior (D:14)
  A two-headed ogre (Orc:2)
  Pikel (D:4)
  A deep elf mage (D:14)
  4 ugly things
  A manticore (D:12)
  3 elephants (Lair:6)
  A black mamba (Lair:1)
  2 gargoyles
  A centaur zombie (D:12)
  7 spiny frogs
  A kobold demonologist (D:9)
  3 komodo dragons
  3 trolls
  A polar bear (Lair:5)
  A tengu conjurer (D:14)
  4 tyrant leeches (Lair:6)
  16 blink frogs
  5 hippogriffs
  A shadow (D:13)
  2 wraiths
  13 yaks
  2 wyverns
  6 humans (D:14)
  5 vampire mosquitoes (Lair:6)
  A two-headed ogre zombie (D:9)
  5 water moccasins
  7 porcupines
  A black bear (Lair:4)
  An ice beast (D:6)
  4 sky beasts
  4 slaves
  16 orc warriors
  4 phantoms
  A necrophage (D:11)
  3 ogres
  An eye of draining (D:11)
  2 wolves (D:10)
  8 centaurs
  9 crocodiles
  7 big kobolds
  Blork the orc (D:3)
  26 bullfrogs
  A wyvern zombie (D:12)
  A jelly (D:5)
  5 scorpions
  15 killer bees
  8 wights
  An electric eel (D:10)
  4 howler monkeys
  6 crimson imps
  A bullfrog zombie (D:6)
  A quasit (D:6)
  A wyvern simulacrum (D:14)
  9 hounds
  3 bullfrog skeletons
  3 centaur skeletons
  24 orc priests
  20 orc wizards
  Jessica (D:2)
  7 iguanas
  11 worker ants
  3 yak simulacra (Lair:2)
  2 polar bear simulacra (Lair:2)
  4 wolf simulacra (Lair:2)
  7 ogre zombies (D:9)
  A hound skeleton (D:5)
  A hound zombie (D:9)
  A worker ant zombie (D:11)
  Robin (D:2)
  8 adders
  3 gnolls (D:3)
  A river rat (Sewer)
  3 shadow imps
  3 oozes
  An adder skeleton (D:7)
  2 worms
  4 dart slugs
  6 leopard geckos
  70 orcs
  6 bats
  8 giant cockroaches
  17 goblins
  10 hobgoblins
  2 jackals (Sewer)
  5 quokkas
  5 ball pythons
  3 frilled lizards
  A goblin skeleton (D:9)
  3 goblin zombies (D:9)
  A hobgoblin skeleton (D:9)
  5 hobgoblin zombies (D:9)
  22 kobolds
  A leopard gecko skeleton (D:4)
  An orc skeleton (D:9)
  11 orc zombies (D:9)
  13 rats
  A river rat simulacrum (Lair:2)
549 creatures vanquished.

Vanquished Creatures (collateral kills)
  An ogre mage (Orc:2)
  A centaur warrior (D:13)
  5 two-headed ogres
  A deep elf mage (D:14)
  2 elephants (Lair:6)
  6 spiny frogs
  A polar bear (Lair:3)
  8 blink frogs
  4 hippogriffs
  A wraith (Lair:6)
  A wyvern (Lair:1)
  7 yaks
  A vampire mosquito (Lair:6)
  2 hungry ghosts
  2 orc warriors (Orc:2)
  A porcupine (Lair:3)
  An ice beast (D:13)
  2 ogres
  2 crocodiles (Lair:6)
  3 big kobolds (D:9)
  A bullfrog (Lair:6)
  A scorpion (D:5)
  A killer bee (D:9)
  9 wights
  3 orc priests
  A hound (D:9)
  2 worker ants
  2 shadow imps (D:5)
  2 orcs
  3 kobolds
  A goblin skeleton (D:9)
  2 orc zombies (D:9)
80 creatures vanquished.

Vanquished Creatures (others)
  3 hydras
  2 two-headed ogres
  2 orc high priests (Orc:2)
  5 orc knights
  An orb spider (Lair:3)
  A necromancer (Lair:2)
  An orc sorcerer (Orc:1)
  A cyclops (D:12)
  A merfolk siren (Lair:4)
  6 spiny frogs
  2 komodo dragons
  3 trolls
  2 blink frogs
  A tyrant leech (Lair:6)
  2 wraiths
  5 basilisks
  2 water moccasins (Lair:5)
  6 orc warriors
  2 bullfrogs (Lair:6)
  A big kobold (D:10)
  A killer bee (D:10)
  An electric eel (Lair:5)
  2 orc priests (Orc:2)
  A yak simulacrum (Lair:2)
  A kobold (D:10)
  9 fungi (Lair:6)
  38 plants
102 creatures vanquished.

Grand Total: 731 creatures vanquished

Notes
Turn   | Place    | Note
-------+----------+-------------------------------------------
     0 | Abyss:1  | DavidChitty2 the Demonspawn Abyssal Knight began the quest
                  | for the Orb.
     0 | Abyss:1  | Reached XP level 1. HP: 18/18 MP: 2/2
    59 | Abyss:1  | Noticed a large abomination
    62 | D:1      | Escaped the Abyss
    94 | D:1      | Reached skill level 1 in Dodging
    99 | D:1      | Reached * piety under Lugonu
   440 | D:1      | Gained mutation: You are partially covered in yellow
                  | scales. (AC +2) [demonic ancestry]
   440 | D:1      | Reached XP level 2. HP: 24/24 MP: 4/4
   833 | D:1      | Reached XP level 3. HP: 29/29 MP: 5/5
  1198 | D:2      | Noticed Robin
  1619 | D:2      | Found a snail-covered altar of Cheibriados.
  1756 | D:2      | Gained mutation: You have large cloven feet. [demonic
                  | ancestry]
  1756 | D:2      | Reached XP level 4. HP: 34/35 MP: 6/6
  1774 | D:2      | Reached ** piety under Lugonu
  1799 | D:2      | Found an opulent altar of Gozag.
  1925 | D:2      | Found a stormy altar of Qazlal.
  1959 | D:2      | Noticed Jessica
  1971 | D:2      | Killed Jessica
  2199 | D:2      | Killed Robin
  2199 | D:2      | Reached skill level 1 in Shields
  2426 | D:3      | Reached XP level 5. HP: 35/41 MP: 7/7
  2434 | D:3      | Found a glowing drain.
  2453 | Sewer    | Entered a sewer
  2945 | Sewer    | Found a white marble altar of Elyvilon.
  3020 | D:3      | Gained mutation: You have hoof-like feet. [demonic
                  | ancestry]
  3020 | D:3      | Reached XP level 6. HP: 21/48 MP: 8/8
  3341 | D:3      | Found an iron altar of Okawaru.
  3345 | D:3      | Found a glowing silver altar of Zin.
  3346 | D:3      | Found a shattered altar of Ashenzari.
  3346 | D:3      | Found an ornate altar of the Wu Jian Council.
  3517 | D:3      | Found a shadowy altar of Dithmenos.
  3517 | D:3      | Found an ancient bone altar of Kikubaaqudgha.
  3517 | D:3      | Found a radiant altar of Vehumet.
  3907 | D:3      | Found a sparkling altar of Nemelex Xobeh.
  4927 | D:4      | Reached XP level 7. HP: 50/54 MP: 10/10
  5108 | D:4      | Noticed Blork the orc
  5523 | D:4      | Noticed Pikel
  5573 | D:3      | Killed Blork the orc
  5573 | D:3      | Reached *** piety under Lugonu
  5890 | D:4      | Killed Pikel
  5890 | D:4      | Reached skill level 5 in Long Blades
  5890 | D:4      | Reached skill level 5 in Invocations
  5890 | D:4      | Gained mutation: A weak demonic guardian rushes to your
                  | aid. [demonic ancestry]
  5890 | D:4      | Reached XP level 8. HP: 51/61 MP: 10/12
  6054 | D:4      | Reached skill level 5 in Fighting
  6182 | D:5      | Entered Level 5 of the Dungeon
  7194 | D:5      | Found Omiaxoeg's Antique Weapon Shop.
  7221 | D:5      | Found a staircase to the Ecumenical Temple.
  7400 | D:5      | Found a hazy altar of Hepliaklqana.
  7987 | D:6      | Gained mutation: A demonic guardian rushes to your aid.
                  | [demonic ancestry]
  7987 | D:6      | Reached XP level 9. HP: 68/68 MP: 13/13
  9141 | D:7      | Reached **** piety under Lugonu
  9396 | D:7      | Reached skill level 5 in Armour
  9490 | D:7      | Found a shattered altar of Ashenzari.
 10416 | D:8      | Reached skill level 5 in Shields
 10425 | D:8      | Reached ***** piety under Lugonu
 10961 | D:8      | Reached XP level 10. HP: 77/77 MP: 14/16
 11460 | D:9      | Reached skill level 1 in Evocations
 11933 | D:9      | Found a staircase to the Orcish Mines.
 12688 | D:10     | Entered Level 10 of the Dungeon
 13689 | D:10     | Reached ****** piety under Lugonu
 13919 | D:10     | Noticed a two-headed ogre
 13921 | D:10     | Banished a two-headed ogre
 13921 | D:10     | Gained mutation: Your flesh is heat resistant. (rF+)
                  | [demonic ancestry]
 13921 | D:10     | Reached XP level 11. HP: 42/84 MP: 17/17
 13984 | D:10     | Noticed Gastronok
 13999 | D:10     | Killed Gastronok
 14254 | D:10     | Found a staircase to the Lair.
 14687 | D:10     | Reached skill level 5 in Evocations
 14956 | Lair:1   | Entered Level 1 of the Lair of Beasts
 15183 | Lair:1   | Noticed an oklob plant
 16925 | Lair:2   | Noticed a necromancer
 16984 | Lair:2   | Banished a necromancer
 18782 | Lair:3   | Reached skill level 10 in Long Blades
 18873 | Lair:3   | Found a hole to the Spider Nest.
 18873 | Lair:3   | Noticed an orb spider
 18885 | Lair:3   | Banished an orb spider
 19000 | Lair:3   | Reached skill level 10 in Invocations
 19845 | Lair:3   | Noticed a seven-headed hydra
 19847 | Lair:3   | Banished a seven-headed hydra
 20714 | Lair:4   | Found a staircase to the Shoals.
 21066 | Lair:5   | Reached XP level 12. HP: 93/95 MP: 19/19
 22238 | Lair:5   | Noticed an eight-headed hydra
 22240 | Lair:5   | Banished an eight-headed hydra
 23027 | Lair:5   | Got a slimy mace
 23028 | Lair:5   | Identified the +4 mace "Biocue" {protect, rF+ SInv Stlth+}
                  | (You found it on level 5 of the Lair of Beasts)
 23311 | Lair:6   | Entered Level 6 of the Lair of Beasts
 23311 | Lair:6   | Noticed a four-headed hydra
 23314 | Lair:6   | Banished a four-headed hydra
 23959 | Lair:6   | Reached skill level 10 in Fighting
 24304 | Lair:6   | Noticed Josephine
 24309 | Lair:6   | Killed Josephine
 25023 | Lair:6   | Found a staircase to the Slime Pits.
 25377 | Lair:6   | Found a viscous altar of Jiyva.
 25400 | Lair:6   | Reached XP level 13. HP: 105/105 MP: 21/21
 26554 | Lair:6   | Noticed Rupert
 26561 | Lair:6   | Paralysed by Rupert for 3 turns
 26572 | Lair:6   | Killed Rupert
 33844 | D:14     | Found a gate to the Vaults.
 33844 | D:14     | Noticed Nessos
 35515 | Orc:1    | Entered Level 1 of the Orcish Mines
 36318 | Orc:2    | Entered Level 2 of the Orcish Mines
 36641 | Orc:2    | Found a staircase to the Elven Halls.
 36985 | Orc:1    | Found a runed translucent door.
 36985 | Orc:1    | Found a shimmering altar of Xom.
 36985 | Orc:1    | Noticed contendunt's ghost (journeyman MiFi)
 37813 | Orc:2    | Noticed Erolcha
 37820 | Orc:2    | Killed Erolcha
 37820 | Orc:2    | Gained mutation: You have hooves in place of feet. [demonic
                  | ancestry]
 37820 | Orc:2    | Reached XP level 14. HP: 116/116 MP: 19/23
 39682 | Orc:2    | Slain by an orc warrior

Levels and vault maps discovered:
D:1:      eino_arrival_tree_alley, layout_loops_ring
D:2:      layout_rooms, marbit_many_paths, grunt_gozag_breadcrumbs,
          kennysheep_slug_shrine, grunt_decor_fettered, uniq_robin, uniq_jessica
D:3:      layout_basic, nemelex_altar_shiori, grunt_temple_overflow_open,
          portal_sewer_entry_b, serial_rivers, chequers_serial_rivers_room_b,
          chequers_serial_rivers_small_b, chequers_serial_rivers_micro_c,
          chequers_serial_rivers_small_b, chequers_serial_rivers_micro_e,
          kennysheep_minor_cross, chequers_serial_rivers_marsh
D:4:      minmay_general_purpose_star, layout_rooms, first_ration,
          uniq_blork_the_orc, uniq_pikel
D:5:      layout_gridville, lemuel_round_altar, temple_hall, serial_shops,
          shop_fountains, chequers_serial_rivers_micro_c,
          kennysheep_generic_room_12
D:6:      layout_basic
D:7:      layout_basic, cheibrodos_ashenzari_chains
D:8:      layout_loops_ring
D:9:      layout_long_grid, zombieorc2_lemuel, special_room
          [special_room_kobold]
D:10:     lemuel_ice_spiral_2, layout_rooms, erik_lair_island, serial_curves,
          eino_curves_02, eino_curves_01, uniq_gastronok
D:11:     layout_basic
D:12:     layout_irregular_city
D:13:     layout_grid_maze
D:14:     layout_roguey, david_vaults_3, infiniplex_staircase_spiral,
          hangedman_ranch [blue_anna_fruit_fields]
Lair:1:   layout_regular_city, grunt_forest_small_clearings,
          minmay_lair_oklob_chamber, infiniplex_staircase_pool,
          grunt_megastairs_4, lemuel_fruit_tree
Lair:2:   layout_cave_pods, eino_house_with_fridge
Lair:3:   layout_gridlike, nicolae_spider_entry_orb_guardian
Lair:4:   layout_small_grid, minmay_shoals_entry_lonely_mermaid,
          serial_bayou_pond_c
Lair:5:   layout_roguey, st_stairs_11, serial_bayou_lagoon_b,
          infiniplex_staircase_pool_2, lemuel_fruit_fields
Lair:6:   minmay_lair_end_frog_pond, layout_regular_city, slime_altar_1,
          serial_bayou_shore_b, uniq_josephine, uniq_rupert
Orc:1:    layout_caves, ebering_ghost_xom
Orc:2:    st_orc_pillars, layout_caves, uniq_erolcha

Skill      XL: |  1  2  3  4  5  6  7  8  9 10 11 12 13 14 |
---------------+-------------------------------------------+-----
Dodging        | 1 3 4 |  4.0
Long Blades    | 2 3 4 5 6 7 9 10 11 12 13 | 13.1
Armour         | 2 3 4 5 6 7 8 |  8.0
Invocations    | 3 4 5 6 8 10 11 12 13 | 13.0
Shields        | 1 2 3 4 5 6 8 9 |  9.3
Fighting       | 4 5 6 7 9 10 12 | 12.6
Evocations     | 4 5 |  5.0

Action                   |  1- 3 |  4- 6 |  7- 9 | 10-12 | 13-15 || total
-------------------------+-------+-------+-------+-------+-------++-------
Melee: Falchion          |   103 |   249 |   105 |       |       ||   457
       Kick              |       |    55 |    10 |       |    82 ||   147
       Long sword        |       |       |   690 |  1347 |  1218 ||  3255
Throw: Dart              |       |       |       |     4 |       ||     4
Invok: Depart the Abyss  |     1 |       |       |       |       ||     1
       Banish            |       |       |       |    38 |    27 ||    65
Evoke: Wand              |       |       |    15 |    82 |    34 ||   131
  Use: Potion            |     1 |     1 |     5 |    13 |     7 ||    27
       Scroll            |       |     8 |     4 |     7 |     4 ||    23
 Stab: Distracted        |       |       |     2 |     4 |       ||     6
       Paralysed         |       |       |    31 |    20 |       ||    51
       Invisible         |       |       |       |     3 |       ||     3
  Eat: Chunk             |     3 |     7 |    18 |    34 |    34 ||    96
       Ration            |       |     1 |     1 |     9 |     6 ||    17
Armor: Ring mail         |    69 |    53 |       |       |       ||   122
       Chain mail        |       |    20 |   485 |   722 |   459 ||  1686
       Scale mail        |       |     8 |       |       |       ||     8
       Skin              |       |       |    33 |    54 |       ||    87
Dodge: Dodged            |    51 |    69 |   125 |   253 |   202 ||   700
Block: Shield            |    35 |    91 |   359 |   706 |   500 ||  1691
       Rpst.: Falchion   |    14 |    19 |     6 |       |       ||    39
       Long sword        |       |       |    35 |    86 |    57 ||   178
